 Dungeon Crawl Stone Soup version 0.18-a0-1797-gc18daef (webtiles) character file.

548 Zhenya25pyc the Cudgeler (level 7, -5/44 HPs)
             Began as a Gargoyle Fighter on Apr 22, 2016.
             Slain by Blork the orc
             ... wielding a +0 glaive
              (9 damage)
             ... on level 5 of the Dungeon.
             The game lasted 00:05:57 (3237 turns).

Zhenya25pyc the Cudgeler (Gargoyle Fighter)         Turns: 3237, Time: 00:05:58

Health: -5/44      AC: 13    Str: 22    XL:     7   Next: 28%
Magic:  7/7        EV:  7    Int:  8    God:
Gold:   154        SH:  9    Dex: 13    Spells: 0 memorised, 6 levels left

rFire  + . .     SeeInvis .     w - +2 mace (pain)
rCold  . . .     Gourm    .     b - +0 scale mail
rNeg   + . .     Faith    .     c - +0 shield
rPois  ∞         Spirit   .     (no helmet)
rElec  +         Dismiss  .     i - +0 cloak
rCorr  .         Reflect  .     (no gloves)
SustAt .         Harm     .     (no boots)
MR     .....                    (no amulet)
Stlth  ..........               x - ring of protection from fire
                                k - +4 ring of dexterity

@: not resistant to hostile enchantments, extremely unstealthy
A: negative energy resistance 1, electricity resistance, unbreathing,
petrification resistance, rot immunity, AC +4
a: no special abilities


You were on level 5 of the Dungeon.
You were not hungry.

You visited 1 branch of the dungeon, and saw 5 of its levels.

You collected 154 gold pieces.

Inventory:

Hand Weapons
 w - a +2 mace of pain (weapon)
Armour
 b - a +0 scale mail (worn)
 c - a +0 shield (worn)
 i - a +0 cloak (worn)
Jewellery
 k - a +4 ring of dexterity (left hand)
 x - a ring of protection from fire (right hand)
Wands
 a - a wand of slowing (10/48)
 q - a wand of confusion (8/48)
Scrolls
 e - 5 scrolls of remove curse
 h - 3 scrolls of identify
 j - a scroll of recharging {unknown}
 l - a scroll of magic mapping {unknown}
 m - 3 scrolls of noise
 r - a scroll of fog {unknown}
 s - 4 scrolls of blinking {unknown}
 t - 2 scrolls of teleportation
Potions
 d - 3 potions of might
 o - a potion of brilliance {unknown}
 p - 3 potions of heal wounds {unknown}
 u - a potion of agility {unknown}
Comestibles
 f - 2 bread rations
 g - 3 fruits
 n - a slice of pizza
 v - 2 meat rations


   Skills:
 + Level 5.2 Fighting
 * Level 5.6 Maces & Flails
 + Level 5.2 Armour
 - Level 3.2 Shields


You had 6 spell levels left.
You didn't know any spells.

Dungeon Overview and Level Annotations

Branches:
Dungeon (5/15)
 Temple: D:4-7

Altars:
Cheibriados
Zin

Shops:
D:4 (

Annotations:
D:5 Blork the orc


Innate Abilities, Weirdness & Mutations

You are resistant to torment.
Your stone body is resilient (AC +4).
You are immune to poison.
You resist negative energy.
You are resistant to electric shocks.
You can survive without breathing.
You are immune to petrification.
You are immune to rotting.


Message History

Blork the orc barely misses you.
The jackal bites you but does no damage.
You block the jackal's attack.
The jackal bites you but does no damage.
A worker ant comes into view.
Blork the orc gestures at you while chanting.
The puff of flame hits you! You resist.
Blork the orc hits you from afar with a glaive.
You closely miss the jackal.
The jackal bites you but does no damage.
Blork the orc gestures wildly while chanting.
Blork the orc flickers and vanishes!
Deactivating autopickup; reactivate with Ctrl-A.
You hit the jackal.
The jackal is heavily wounded.
Something hits you!
* * * LOW HITPOINT WARNING * * *
The jackal bites you but does no damage.
Something hits you!
You die...

#### ##########...
#............
#.###...##.##
######.##.....#...
#......###...#####
#@###### ##.## #h#
#.# #..h{h....#
#.# #.##h####.#
#+# #. .a. # #.#
#.. ... ## ... +.


You could see a worker ant and 4 jackals.

Vanquished Creatures
  A sky beast (D:4)
  A phantom (D:3)
  2 orc wizards (D:4)
  An iron imp (D:5)
  An iguana (D:4)
  2 worker ants
  6 gnolls
  7 adders
  3 worms
  4 dart slugs
  2 giant geckos
  9 orcs
  4 giant cockroaches
  7 goblins
  6 hobgoblins
  3 jackals (D:1)
  5 kobolds
  A quokka (D:2)
  3 bats
  A giant gecko skeleton (D:4)
  3 giant newts
  A quokka skeleton (D:4)
  6 rats
79 creatures vanquished.

Notes
Turn   | Place    | Note
--------------------------------------------------------------
     0 | D:1      | Zhenya25pyc the Gargoyle Fighter began the quest for the Orb.
     0 | D:1      | Reached XP level 1. HP: 14/14 MP: 1/1
    79 | D:1      | Reached XP level 2. HP: 19/19 MP: 2/2
   724 | D:2      | Reached XP level 3. HP: 23/23 MP: 3/3
   838 | D:2      | Reached XP level 4. HP: 11/29 MP: 4/4
  1601 | D:3      | Reached XP level 5. HP: 30/33 MP: 5/5
  2339 | D:3      | Noticed a phantom
  2363 | D:3      | Killed a phantom
  2363 | D:3      | Reached XP level 6. HP: 35/39 MP: 6/6
  2407 | D:4      | Noticed a sky beast
  2426 | D:4      | Killed a sky beast
  2426 | D:4      | Reached skill level 5 in Maces & Flails
  2426 | D:4      | Reached skill level 5 in Armour
  2496 | D:4      | Reached skill level 5 in Fighting
  2528 | D:4      | Found Lisabidi's Antique Weapon Emporium.
  2553 | D:4      | Found a glowing silver altar of Zin.
  2584 | D:4      | Reached XP level 7. HP: 44/44 MP: 7/7
  3058 | D:5      | Entered Level 5 of the Dungeon
  3150 | D:5      | Found a snail-covered altar of Cheibriados.
  3218 | D:5      | Noticed Blork the orc
  3237 | D:5      | Slain by Blork the orc

Vault maps used:
D:1:      minmay_arrival_cross
D:3:      st_stairs_11
D:4:      lemuel_doored_altar, serial_shops, nicolae_shop_waterfront
D:5:      minitemple, slow_altar_1, first_bread, moated_statue,
          uniq_blork_the_orc

Skill      XL: |  1  2  3  4  5  6 |
---------------+-------------------+-----
Maces & Flails | 3 4 5 |  5.6
Fighting       | 4 5 |  5.2
Armour         | 4 5 |  5.2
Shields        | |  3.2

Action                   |  1- 3 |  4- 6 |  7- 9 || total
-------------------------+-------+-------+-------++-------
Melee: Flail             |   100 |   239 |       ||   339
       Mace              |       |     5 |    68 ||    73
  Use: Scroll            |       |       |     4 ||     4
  Eat: Chunk             |       |     6 |     2 ||     8
Armor: Scale mail        |    48 |   140 |    31 ||   219
Dodge: Dodged            |    34 |    85 |    11 ||   130
Block: Shield            |    50 |   112 |    35 ||   197
